 Dungeon Crawl Stone Soup version 0.30-b1-2-g02819fbbbe (webtiles) character file.

Game seed: 1460278790869818930

856 night the Trooper (level 7, -6/59 HPs)
             Began as a Demonspawn Gladiator on May 10, 2023.
             Killed from afar by Maggie (14 damage)
             ... with a bolt of fire
             ... on level 6 of the Dungeon.
             The game lasted 00:08:58 (2779 turns).

night the Trooper (Demonspawn Gladiator)            Turns: 2779, Time: 00:08:59

Health: -6/59      AC: 14    Str: 15    XL:     7   Next: 70%
Magic:  7/7        EV:  5    Int: 11    God:
Gold:   131        SH:  7    Dex: 14    Spells: 6/6 levels left

rFire   . .          .
                       - Unarmed
rCold   . . .        i - +0 kite shield
rNeg    . . .        n - +0 chain mail
rPois   .            b - +0 helmet
rElec   .            (no cloak)
rCorr   .            (no gloves)
SInv    +            g - +1 pair of boots
Will    .....        (no amulet) Stlth
                     t - ring of see invisible
HPRegen 0.29/turn    (no ring)
MPRegen 0.10/turn

%: no passive effects
@: mesmerised
A: slimy green scales 2, powered by death 1, weakness stinger 1
a: no special abilities


You were on level 6 of the Dungeon.
You visited 1 branch of the dungeon, and saw 5 of its levels.

You collected 131 gold pieces.

Inventory:

Missiles
 c - a throwing net (quivered)
 e - a javelin
 f - 4 poisoned darts
 p - an atropa-tipped dart
Armour
 a - a +0 leather armour
 b - a +0 helmet (worn)
 g - a +1 pair of boots (worn)
 i - a +0 kite shield (worn)
 k - a +0 plate armour
 n - a +0 chain mail (worn)
Jewellery
 t - a ring of see invisible (left hand)
Wands
 q - a wand of polymorph (8)
Scrolls
 j - a scroll of magic mapping
 m - a scroll of vulnerability


   Skills:
 + Level 6.4 Fighting
 - Level 1.7 Throwing
 - Level 2.6 Dodging
 + Level 6.2 Unarmed Combat


You had 6 spell levels left.
You didn't know any spells.
Your spell library contained the following spells:

 Spells                   Type           Power      Damage    Failure   Level
 Inner Flame              Hex/Fire       0%         N/A       100%        3
 Yara's Violent Unravell  Hex/Tmut       0%         3d3       100%        5
 Enfeeble                 Hex            0%         N/A       100%        7


Dungeon Overview and Level Annotations

Branches:
Dungeon (6/15)
 Temple: D:4-7

Altars:

Annotations:
D:6 Maggie


Innate Abilities, Weirdness & Mutations

You are mostly covered in slimy green scales. (AC +3)
You regenerate a little health from kills.
You have a small tail.


Message History

Maggie hits you with a +2 heavy scimitar!
You hit Maggie but do no damage. You closely miss Maggie.
Maggie points at you and mumbles some strange words.
The bolt of fire hits you!!
* * * LOW HITPOINT WARNING * * *
Maggie barely misses you.
Throw: 2 throwing nets
Press: ? - help, Q - select action, (/) - cycle Shift-Dir - straight line, f/p - Maggie
Aim: Maggie, wielding a +2 heavy scimitar and wearing +0 steam dragon scales (mesmerising, 62% to hit)
You throw a throwing net. The throwing net hits Maggie.
Maggie is caught in the net!
You strike the helpless Maggie from behind!
You hit Maggie.
Maggie is lightly wounded.
Maggie struggles against the net.
You hit Maggie but do no damage. You tail-slap Maggie, but do no damage.
Maggie is lightly wounded.
Maggie struggles against the net.
You punch Maggie!
Maggie is lightly wounded.
Maggie struggles against the net.
You hit Maggie but do no damage.
Maggie is lightly wounded.
Maggie struggles against the net. x2
You hit Maggie.
Maggie is moderately wounded.
Maggie struggles against the net.
The net rips apart, and Maggie comes free!
You barely miss Maggie. You tail-slap Maggie, but do no damage.
Maggie is moderately wounded.
Maggie says, "Fear not.
I will immortalize you in the tale of my first kill."
You block Maggie's attack.
You hit Maggie.
Your tail-slap misses Maggie.
Maggie is moderately wounded.
You closely miss Maggie. You tail-slap Maggie.
Maggie is moderately wounded.
Maggie points at you and mumbles some strange words.
The bolt of fire hits you!
You die...

#...... ......... # #
#...... #.......## # .
#.....#######........ #
..#..........
#.......#####
...........
.............
......$..####
#.......#####
#.......(.#.#.......#
#......#@##.#.......#
.........#@##.#.......#
.........#)##.........#
>..$.....#.##.........#
.........#.##.........#
...#.....#.##........##
..<....#.#.##.....)..#
#...........#
#####.......# #.......#


You could see Maggie (mesmerising).

Vanquished Creatures
  A steam dragon (D:6)
  Edmund (D:6)
  An ogre (D:3)
  A phantom (D:6)
  A scorpion (D:6)
  3 killer bees (D:6)
  A hound (D:6)
  A sleepcap (D:6)
  Terence (D:2)
  An orc wizard (D:2)
  7 adders
  2 gnolls (D:3)
  2 dart slugs
  5 orcs
  5 endoplasms
  5 giant cockroaches
  7 goblins
  10 hobgoblins
  6 kobolds
  7 quokkas
  4 ball pythons
  9 bats
  A frilled lizard (D:3)
  3 rats
85 creatures vanquished.

Vanquished Creatures (others)
  A kobold brigand (D:6)
  7 plants (D:3)
8 creatures vanquished.

Grand Total: 93 creatures vanquished

Notes
Turn   | Place    | Note
-------+----------+-------------------------------------------
     0 | D:1      | night the Demonspawn Gladiator began the quest for the Orb.
     0 | D:1      | Reached XP level 1. HP: 16/16 MP: 1/1
   187 | D:1      | Gained mutation: You regenerate a little health from kills.
                  | [demonic ancestry]
   187 | D:1      | Reached XP level 2. HP: 22/23 MP: 2/2
   901 | D:1      | Gained mutation: You are partially covered in slimy green
                  | scales. (AC +2) [demonic ancestry]
   901 | D:1      | Reached XP level 3. HP: 28/28 MP: 3/3
  1235 | D:2      | Gained mutation: You have a small tail. [demonic ancestry]
  1235 | D:2      | Reached XP level 4. HP: 18/35 MP: 4/4
  1459 | D:2      | Noticed Terence
  1498 | D:2      | Killed Terence
  1499 | D:2      | Reached XP level 5. HP: 38/42 MP: 5/5
  2280 | D:3      | Noticed an ogre
  2288 | D:3      | HP: 2/42 [ogre/+0 giant club (4)]
  2294 | D:3      | Killed an ogre
  2295 | D:3      | Gained mutation: You are mostly covered in slimy green
                  | scales. (AC +3) [demonic ancestry]
  2295 | D:3      | Reached XP level 6. HP: 14/49 MP: 6/6
  2591 | D:4      | You fall into a shaft and drop 2 floors!
  2616 | D:6      | Noticed a steam dragon
  2627 | D:6      | Noticed a steam dragon
  2629 | D:6      | Reached skill level 5 in Fighting
  2629 | D:6      | Reached skill level 5 in Unarmed Combat
  2634 | D:6      | Noticed Edmund
  2640 | D:6      | Noticed a steam dragon
  2650 | D:6      | Reached XP level 7. HP: 47/56 MP: 7/7
  2662 | D:6      | Killed Edmund
  2665 | D:6      | Noticed Maggie
  2667 | D:6      | Killed a steam dragon
  2779 | D:6      | Killed from afar by Maggie

Illustrated notes

Levels and vault maps discovered:
D:1:      tarquinn_simple_flora_water_d, layout_loops_ring, nicolae_hexahallways
D:2:      layout_rooms, minmay_tiny_reverse_x, uniq_terence
D:3:      wad_woods_tower, layout_basic
D:4:      layout_basic, makhleb_heckhound_becter,
          mainiacjoe_overflow_divided_tiny, minitemple, abandoned_shop,
          uniq_sigmund, uniq_blork_the_orc, uniq_menkaure
D:6:      cheibrodos_steamvent, layout_basic, minmay_temple_entry_fiery,
          kennysheep_generic_room_15, uniq_edmund, uniq_maggie

Skill      XL: |  1  2  3  4  5  6  7 |
---------------+----------------------+-----
Unarmed Combat | 3 4 5 6 |  6.2
Fighting       | 3 4 5 6 |  6.4
Throwing       | |  1.7
Dodging        | |  2.6

Action                     |  1- 3 |  4- 6 |  7- 9 || total
---------------------------+-------+-------+-------++-------
  Melee: Unarmed           |   197 |   192 |    40 ||   429
         Punch             |     2 |       |       ||     2
         Tailslap          |       |    21 |    11 ||    32
  Throw: Throwing net      |     1 |     1 |     1 ||     3
         Javelin           |     1 |       |       ||     1
         Dart              |       |       |     2 ||     2
  Evoke: Wand              |       |     2 |       ||     2
    Use: Potion            |     2 |     5 |     1 ||     8
         Scroll            |     3 |     5 |       ||     8
   Stab: Sleeping          |     1 |       |       ||     1
         Held in net/web   |       |     1 |     1 ||     2
         Invisible         |       |     3 |     2 ||     5
 Armour: Leather armour    |    59 |     1 |       ||    60
         Plate armour      |       |    34 |       ||    34
         Chain mail        |       |    67 |    19 ||    86
  Dodge: Dodged            |   101 |    35 |     6 ||   142
  Block: Kite shield       |    28 |    61 |     8 ||    97
